 Dungeon Crawl Stone Soup version 0.24.1-4-ge52af88ad5 (webtiles) character file.

Game seed: 9996464584135772418, levelgen mode: deterministic

311058 CrazyMind the Executioner (level 22, -3/174 HPs)
             Began as a Formicid Fighter on Apr 1, 2020.
             Was the Champion of Okawaru.
             Slain by a deep troll (21 damage)
             ... led by an ironheart preserver
             ... on level 3 of the Vaults on Apr 19, 2020.
             The game lasted 05:59:27 (60416 turns).

CrazyMind the Executioner (Formicid Fighter)       Turns: 60416, Time: 05:59:27

Health: -3/174     AC: 30    Str: 30    XL:     22   Next: 21%
Magic:  29/30      EV: 13    Int: 15    God:    Okawaru [******]
Gold:   2203       SH: 31    Dex:  8    Spells: 17/21 levels left

rFire    + + .     SeeInvis +   a - +1 battleaxe (chop)
rCold    + + .     Gourm    .   q - +0 large shield
rNeg     + + .     Faith    .   C - +8 chain mail of the Spider Nest {rPois rF+++ rC+ Dex-2}
rPois    +         Spirit   .   (helmet unavailable)
rElec    .         Reflect  +   k - scarf {repulsion}
rCorr    +         Harm     .   m - +2 pair of gloves
MR       +++..                  G - +2 pair of boots {run}
Stlth    ..........             z - amulet of Psychosis {Reflect rF- rC+ Str+3 Int+3 SH+5}
HPRegen  0.39/turn              x - ring of protection from magic
MPRegen  0.22/turn              g - ring of Sanasi {rPois rN++ rCorr Int+3 Dex-3}

@: heroism, repel missiles, quick
A: permanent stasis, dig shafts and tunnels, four strong arms, antennae 3
}: 2/15 runes: decaying, serpentine
a: Dig, Shaft Self, Heroism, Finesse, Renounce Religion


You were on level 3 of the Vaults.
You worshipped Okawaru.
Okawaru was exalted by your worship.
You were not hungry.

You visited 7 branches of the dungeon, and saw 35 of its levels.
You also visited: Ice Cave.

You collected 3903 gold pieces.
You spent 1679 gold pieces at shops.
You donated 21 gold pieces to Zin.

Inventory:

Hand Weapons
 a - a +1 battleaxe of chopping (weapon)
 b - a +0 hunting sling
 R - a +2 battleaxe of freezing
 T - a +2 battleaxe of flaming
Missiles
 d - 23 poisoned darts
 e - 4 boomerangs of dispersal
 j - 7 silver javelins
 p - 12 datura-tipped darts
 u - a throwing net
 y - 40 boomerangs
 D - 19 javelins (quivered)
 I - 13 curare-tipped darts
 W - 12 silver boomerangs
 X - 14 atropa-tipped darts
 Z - 253 sling bullets
Armour
 k - a scarf of repulsion (worn)
 m - a +2 pair of gloves (worn)
 q - a +0 large shield (worn)
 C - the +8 chain mail of the Spider Nest (worn) {rPois rF+++ rC+ Dex-2}
   (Okawaru gifted it to you on level 1 of the Swamp)

   It affects your dexterity (-2).
   It renders you almost immune to fire.
   It protects you from cold.
   It protects you from poison.
 G - a +2 pair of boots of running (worn)
Jewellery
 g - the ring of Sanasi (right hand) {rPois rN++ rCorr Int+3 Dex-3}
   (You acquired it on level 4 of the Lair of Beasts)

   [ring of resist corrosion]

   It affects your intelligence (+3).
   It affects your dexterity (-3).
   It protects you from poison.
   It greatly protects you from negative energy.
   It provides partial protection from all sources of acid and corrosion.
 x - a ring of protection from magic (left hand)
 z - the amulet of Psychosis (around neck) {Reflect rF- rC+ Str+3 Int+3 SH+5}
   (You acquired it on level 4 of the Lair of Beasts)

   [amulet of reflection]

   It shields you and reflects attacks.
   It affects your strength (+3).
   It affects your intelligence (+3).
   It makes you vulnerable to fire.
   It protects you from cold.
   It affects your SH (+5).
 F - an uncursed ring of fire
 M - the amulet of Onlit {Reflect rF- MR+ SH+2 Stlth+}
   (You found it in an ice cave)

   [amulet of reflection]

   It shields you and reflects attacks.
   It makes you vulnerable to fire.
   It affects your resistance to hostile enchantments.
   It affects your SH (+2).
   It makes you more stealthy.
Wands
 c - a wand of digging (15)
 i - a wand of flame (24)
 l - a wand of paralysis (34)
 E - a wand of disintegration (21)
 J - a wand of polymorph (10)
 N - a wand of iceblast (12)
 Q - a wand of acid (9)
 S - a wand of enslavement (8)
Scrolls
 o - a scroll of holy word
 s - 4 scrolls of fear
 t - 2 scrolls of fog
 v - 16 scrolls of remove curse
 w - a scroll of identify
 B - a scroll of magic mapping
 U - a scroll of silence
Potions
 h - a potion of heal wounds
 A - 14 potions of curing
 H - a potion of cancellation
 K - 7 potions of flight
 L - a potion of agility
 O - a potion of mutation
 V - 2 potions of ambrosia
Miscellaneous
 n - a box of beasts
 P - a phantom mirror
Comestibles
 f - 48 rations


   Skills:
 + Level 14.8(19.8) Fighting
 * Level 22.0(27) Axes
   Level 1.2(20.1) Maces & Flails
 + Level 7.4(14.1) Slings
 + Level 7.2(13.5) Throwing
 + Level 13.1(18.1) Armour
 + Level 4.9(9.9) Dodging
 + Level 19.7(24.7) Shields
 * Level 3.9 Transmutations
 - Level 7.0 Earth Magic
 + Level 11.6 Invocations
 + Level 0.7 Evocations


You had 17 spell levels left.
You knew the following spells:

 Your Spells              Type           Power        Failure   Level  Hunger
a - Passwall              Tmut/Erth      ###.....     12%         2    ###....
b - Swiftness             Chrm/Air       #.......     75%         2    ###....

Your spell library contained the following spells:

 Spells                   Type           Power        Failure   Level  Hunger
 Sandblast                Erth           ###...       4%          1    ##.....
 Stone Arrow              Conj/Erth      ##....       47%         3    ####...
 Confusing Touch          Hex            #.....       58%         1    ##.....
 Corona                   Hex            #......      58%         1    ##.....
 Flame Tongue             Conj/Fire      #....        58%         1    ##.....
 Freeze                   Ice            #...         58%         1    ##.....
 Magic Dart               Conj           #...         58%         1    ##.....
 Shock                    Conj/Air       #...         58%         1    ##.....
 Sting                    Conj/Pois      #...         58%         1    ##.....
 Petrify                  Tmut/Erth      ###.....     63%         4    #####..
 Call Imp                 Summ           #.......     75%         2    ###....
 Ensorcelled Hibernation  Hex/Ice        #.....       75%         2    ###....
 Poisonous Vapours        Pois/Air       #.....       75%         2    ###....
 Slow                     Hex            #.......     75%         2    ###....
 Throw Flame              Conj/Fire      #.....       75%         2    ###....
 Throw Frost              Conj/Ice       #.....       75%         2    ###....
 Lee's Rapid Deconstruct  Erth           ###.......   75%         5    ######.
 Leda's Liquefaction      Hex/Erth       ##........   87%         4    #####..
 Confuse                  Hex            #.......     92%         3    ####...
 Conjure Flame            Conj/Fire      #.......     92%         3    ####...
 Gell's Gravitas          Tloc           #.........   92%         3    ####...
 Inner Flame              Hex/Fire       #.......     92%         3    ####...
 Mephitic Cloud           Conj/Pois/Air  #.......     92%         3    ####...
 Ozocubu's Armour         Chrm/Ice       #.......     92%         3    ####...
 Portal Projectile        Hex/Tloc       #.....       92%         3    ####...
 Static Discharge         Conj/Air       #.......     92%         3    ####...
 Borgnjor's Vile Clutch   Necr/Erth      ##........   99%         5    ######.
 Airstrike                Air            #.........   100%        4    #####..
 Cause Fear               Hex            #.........   100%        4    #####..
 Olgreb's Toxic Radiance  Pois           #.......     100%        4    #####..
 Sticky Flame             Conj/Fire      #.......     100%        4    #####..
 Summon Ice Beast         Ice/Summ       #.......     100%        4    #####..
 Throw Icicle             Conj/Ice       #.......     100%        4    #####..
 Fireball                 Conj/Fire      #.........   100%        5    ######.
 Lightning Bolt           Conj/Air       #.........   100%        5    ######.
 Metabolic Englaciation   Hex/Ice        #.........   100%        5    ######.
 Silence                  Hex/Air        #.........   100%        5    ######.
 Venom Bolt               Conj/Pois      #.........   100%        5    ######.
 Yara's Violent Unravell  Hex/Tmut       #.........   100%        5    ######.
 Darkness                 Hex            #.........   100%        6    #######
 Freezing Cloud           Conj/Ice/Air   #.........   100%        6    #######
 Poison Arrow             Conj/Pois      #.........   100%        6    #######
 Shadow Creatures         Summ           N/A          100%        6    #######
 Ring of Flames           Chrm/Fire      #.........   100%        7    #######
 Chain Lightning          Conj/Air       #.........   100%        8    #######
 Ignition                 Fire           #.........   100%        8    #######
 Lehudib's Crystal Spear  Conj/Erth      ##........   100%        8    #######
 Fire Storm               Conj/Fire      #.........   100%        9    #######
 Glaciate                 Conj/Ice       #.........   100%        9    #######
 Shatter                  Erth           ###.......   100%        9    #######
 Tornado                  Air            #.........   100%        9    #######
 Blink                    Tloc           Unusable     N/A         2    N/A

Dungeon Overview and Level Annotations

Branches:
Dungeon (15/15)            Temple (1/1) D:4            Lair (6/6) D:10
  Swamp (4/4) Lair:4        Snake (4/4) Lair:3        Slime (0/5) Lair:6
    Orc (2/2) D:11            Elf (0/3) Orc:2        Vaults (3/5) D:14
  Crypt (0/3) Vaults:2     Depths (0/5) D:15          IceCv (visited)

Altars:
Ashenzari
Cheibriados
Dithmenos
Elyvilon
Fedhas
Gozag
Hepliaklqana
Kikubaaqudgha
Makhleb
Nemelex Xobeh
Okawaru
Qazlal
Ru
Sif Muna
Trog
Uskayaw
Vehumet
Wu Jian
Xom
Yredelemnul
Zin
The Shining One
Beogh
Jiyva
Lugonu

Shops:
D:7 :((   D:8 *:(   Orc:1 *   Orc:2 ![}:   Snake:2 (

Annotations:
D:11 1 runed translucent door
D:14 3 runed translucent doors, Freitmort's ghost, journeyman DECj; Guedydo's ghost, journeyman DEFE; Zianezev's ghost, journeyman FoFi
Lair:2 1 runed translucent door, gosser's ghost, journeyman HuBe
Lair:5 1 runed translucent door, Peloso's ghost, journeyman MiFi
Lair:6 3 runed translucent doors
Orc:1 3 runed translucent doors, Amplified's ghost, novice MiAE


Innate Abilities, Weirdness & Mutations

You cannot be hasted, slowed, berserked, paralysed or teleported.
You can dig through walls and to a lower floor.
Your four strong arms can wield two-handed weapons with a shield.
You have a pair of large antennae on your head. (SInv)


Message History

The deep troll shaman is almost dead.
You hit the deep troll but do no damage.
The deep troll bites you!
* * * LOW HITPOINT WARNING * * *
The deep troll closely misses you. You block the deep troll's attack.
The deep troll shaman prays to its god.
The deep troll shaman is healed somewhat.
You barely miss the deep troll shaman.
The deep troll shaman is severely wounded.
You slash the deep troll! You block the deep troll's attack. x2
The deep troll barely misses you.
The deep troll shaman bites you but does no damage.
The deep troll shaman claws you but does no damage.
You block the deep troll shaman's attack.
You slice the deep troll shaman!!
You kill the deep troll shaman!
Okawaru accepts your kill.
You hit the deep troll but do no damage.
You block the deep troll's attack. x2; The deep troll claws you!!
You die...

###'#.#.# #...#.[.#
#.#.#.#)# #...#..[#
####### ######'##
#.....# #..... #.....#
#..... #.....# #.....
#@....#######.....
#######.T...........####
#.......#######.....#
#.#...#.# #.....#
#'#####...#...# #.....#
.....T'.......# #.....#
...T.T######### #######
.>... p.{.


You could see a deep troll.

Vanquished Creatures
  Mara (Swamp:3)
  Bai Suzhen (Snake:4)
  Jorgrun (Snake:2)
  A tentacled monstrosity (Swamp:1)
  Asterion (Vaults:2)
  5 thorn hunters
  A storm dragon (Vaults:2)
  Agnes (Snake:1)
  Kirke (D:15)
  2 tengu reavers (Vaults:2)
  Donald (Snake:3)
  6 nagarajas
  2 frost giants
  3 vault wardens
  2 fire giants
  2 orc warlords (Orc:1)
  Aizul (Snake:1)
  5 very ugly things (Vaults:1)
  2 entropy weavers (Vaults:2)
  6 ironheart preservers
  2 stone giants (Vaults:2)
  A deep elf annihilator (Vaults:2)
  A purple draconian (Vaults:2)
  Azrael (Orc:2)
  2 ettins
  3 fire dragons
  2 great orbs of eyes
  3 yaktaur captains (Vaults:2)
  7 naga warriors (Snake:4)
  2 rakshasas
  38 hydras
  Erolcha (Orc:2)
  2 shambling mangroves
  An ice dragon (Vaults:3)
  7 vault guards
  2 ghost crabs
  Fannar (D:11)
  10 anacondas
  2 centaur warriors
  A catoblepas (D:14)
  17 alligators
  18 two-headed ogres
  2 death knights
  9 death yaks
  5 ogre magi
  2 tengu warriors (D:13)
  A two-headed ogre (shapeshifter) (D:13)
  A deep troll shaman (Vaults:3)
  3 deep troll earth magi
  11 naga sharpshooters
  8 shock serpents
  Nergalle (Lair:4)
  4 deep elf knights
  15 skeletal warriors
  7 salamander mystics
  2 wizards
  6 unseen horrors
  3 deep trolls
  A flayed ghost (Vaults:3)
  2 spriggan druids (Swamp:4)
  4 ironbrand convokers
  4 naga ritualists
  9 swamp dragons
  An unseen horror (shapeshifter) (Vaults:2)
  A necromancer (Lair:6)
  A phantasmal warrior (Vaults:3)
  7 orc knights
  2 deep elf archers (Vaults:2)
  13 ugly things
  14 deep elf magi
  8 mana vipers
  A wolf spider zombie (D:14)
  6 cyclopes
  5 lindwurms
  11 orc sorcerers
  4 manticores
  A tengu skeleton (Vaults:2)
  An oklob plant (Lair:2)
  6 salamanders
  5 wolf spiders
  A cyclops (shapeshifter) (D:15)
  A sphinx skeleton (Vaults:2)
  A stone giant skeleton (Vaults:2)
  24 naga magi
  A fire giant skeleton (Vaults:2)
  31 black mambas
  5 guardian serpents
  An ice statue (IceCv)
  10 vault sentinels
  A molten gargoyle (Lair:6)
  An eye of devastation (Vaults:2)
  24 spiny frogs
  2 rime drakes
  5 freezing wraiths
  4 efreet
  A redback zombie (D:15)
  The ghost of Doot the Insei, a novice OpTm of Cheibriados (D:6)
  11 komodo dragons
  A komodo dragon (shapeshifter) (Vaults:1)
  3 tengu conjurers (D:13)
  13 yaktaurs
  22 polar bears
  2 yaktaur skeletons (Vaults:2)
  A wind drake (shapeshifter) (Vaults:2)
  13 trolls
  10 tyrant leeches
  17 blink frogs
  Grinder (D:3)
  A merfolk (shapeshifter) (D:13)
  9 hornets
  4 bog bodies
  9 hippogriffs
  42 slime creatures
  4 dream sheep (Lair:4)
  A stone giant simulacrum (Vaults:2)
  2 redbacks (Vaults:2)
  2 vampires
  5 spriggans
  2 centaur simulacra
  2 wraiths
  3 shadows
  6 wyverns
  A water elemental (D:13)
  38 yaks
  An ettin skeleton (Vaults:2)
  2 tarantellas (shapeshifter)
  5 fire elementals
  3 humans (D:15)
  2 steam dragons
  16 vampire mosquitoes
  11 basilisks
  Eustachio (D:6)
  A yaktaur simulacrum (Vaults:2)
  5 hungry ghosts
  6 wargs
  14 insubstantial wisps
  38 nagas
  2 acid dragons
  14 swamp worms
  14 water moccasins
  7 hell hounds
  A floating eye (Vaults:2)
  6 porcupines
  13 swamp drakes
  6 ice beasts
  25 orc warriors
  3 sky beasts
  The ghost of viiviliisa the Covered, an amateur MiFi (D:3)
  2 eyes of draining (D:15)
  A black bear (D:7)
  12 boggarts
  4 phantoms
  A necrophage (D:10)
  19 ogres
  9 centaurs
  29 wolves
  8 crocodiles
  An orc skeleton (Vaults:2)
  4 human skeletons (Vaults:2)
  3 big kobolds
  19 bullfrogs
  2 gnoll sergeants
  4 scorpions
  A wyvern skeleton (D:11)
  An elf simulacrum (Vaults:2)
  15 killer bees
  14 wights
  A howler monkey (D:5)
  10 crimson imps
  8 jellies
  4 lava snakes (Lair:6)
  A wyvern simulacrum (D:13)
  2 bullfrog zombies
  4 centaur zombies
  7 hounds
  19 orc priests
  4 centaur skeletons
  50 orc wizards
  3 bullfrog skeletons
  A gnoll shaman (D:5)
  6 iguanas
  2 polar bear simulacra (Lair:6)
  13 worker ants
  4 yak simulacra (Lair:6)
  2 wolf simulacra (Lair:6)
  A hound zombie (D:6)
  2 hound skeletons
  A howler monkey zombie (D:10)
  2 worker ant zombies
  12 gnolls
  10 adders
  2 river rats
  4 shadow imps
  14 white imps (D:13)
  An ooze (D:4)
  2 ufetubi (D:13)
  An adder zombie (D:5)
  4 worms
  3 dart slugs
  4 leopard geckos
  105 orcs
  2 ball pythons
  7 giant cockroaches
  4 goblins
  6 hobgoblins
  2 jackals
  25 kobolds
  5 quokkas
  6 bats
  7 frilled lizards
  A quokka skeleton (D:4)
  A quokka zombie (D:8)
  7 rats
  3 river rat simulacra (Lair:6)
  15 briar patches (Swamp:3)
  6 fungi
  3 plants
1450 creatures vanquished.

Vanquished Creatures (others)
  Vashnia (Snake:4)
  Nikola (Vaults:1)
  A yaktaur captain (Vaults:2)
  A naga warrior (Snake:3)
  A centaur warrior (D:13)
  6 naga sharpshooters (Snake:4)
  A deep elf mage (Vaults:1)
  A molten gargoyle (Lair:6)
  3 yaktaurs
  A polar bear (IceCv)
  A boggart (Vaults:2)
  A wolf (IceCv)
  A centaur (D:14)
  An iguana (D:13)
  An orc wizard (Orc:2)
  2 orcs
  3 briar patches (Swamp:3)
  9 fungi
  3 plants
  5 withered plants
44 creatures vanquished.

Grand Total: 1494 creatures vanquished

Notes
Turn   | Place    | Note
-------+----------+-------------------------------------------
     0 | D:1      | CrazyMind the Formicid Fighter began the quest for the Orb.
     0 | D:1      | Reached XP level 1. HP: 18/18 MP: 1/1
   537 | D:1      | Reached XP level 2. HP: 20/24 MP: 2/2
   933 | D:2      | Reached XP level 3. HP: 21/29 MP: 3/3
  1095 | D:2      | Reached skill level 3 in Axes
  1433 | D:2      | Found a glowing silver altar of Zin.
  1439 | D:2      | Became a worshipper of Zin the Law-Giver
  1439 | D:2      | Reached * piety under Zin
  1501 | D:3      | Found a runed translucent door.
  1501 | D:3      | Noticed viiviliisa's ghost (amateur MiFi)
  1576 | D:3      | Noticed Grinder
  1586 | D:3      | Reached XP level 4. HP: 35/35 MP: 4/4
  1593 | D:3      | Killed Grinder
  1593 | D:3      | Reached skill level 4 in Axes
  1593 | D:3      | Reached XP level 5. HP: 41/42 MP: 5/5
  1593 | D:3      | Reached XP level 6. HP: 47/48 MP: 6/6
  1647 | D:3      | Reached skill level 5 in Axes
  1881 | D:3      | Reached ** piety under Zin
  2164 | D:3      | Reached skill level 5 in Shields
  2394 | D:4      | Noticed an ogre
  2427 | D:3      | Reached XP level 7. HP: 38/53 MP: 5/7
  2439 | D:3      | Reached skill level 1 in Dodging
  2723 | D:4      | Found a staircase to the Ecumenical Temple.
  2733 | Temple   | Entered the Ecumenical Temple
  2778 | Temple   | Fell from the grace of Zin
  2778 | Temple   | Became a worshipper of Warmaster Okawaru
  2916 | D:4      | Found a hazy altar of Hepliaklqana.
  3123 | D:4      | Found a sacrificial altar of Ru.
  3323 | D:5      | Entered Level 5 of the Dungeon
  3374 | D:5      | Found a stormy altar of Qazlal.
  3375 | D:5      | Noticed an air elemental
  3377 | D:5      | Noticed a fire elemental
  3377 | D:5      | Noticed a water elemental
  3413 | D:5      | Reached skill level 6 in Axes
  3967 | D:5      | Reached XP level 8. HP: 60/60 MP: 8/8
  4157 | D:5      | Reached skill level 1 in Throwing
  4483 | D:5      | Reached skill level 7 in Axes
  4825 | D:5      | Reached * piety under Okawaru
  5413 | D:6      | Reached XP level 9. HP: 66/66 MP: 9/9
  5524 | D:6      | Found a runed translucent door.
  5524 | D:6      | Noticed Doot's ghost (novice OpTm)
  5644 | D:6      | Noticed Eustachio
  5667 | D:6      | Killed Eustachio
  5667 | D:6      | Reached skill level 8 in Axes
  6288 | D:7      | Reached skill level 5 in Armour
  6326 | D:7      | Reached skill level 5 in Fighting
  6627 | D:7      | Found Amag's Book Emporium.
  6686 | D:6      | Reached ** piety under Okawaru
  6817 | D:7      | Found Hyebewn's Weapon Boutique.
  7015 | D:7      | Found a white marble altar of Elyvilon.
  7092 | D:7      | Reached skill level 9 in Axes
  7326 | D:7      | Found Nuwanaj's Weapon Boutique.
  7945 | D:8      | Found Xovay's General Store.
  7956 | D:8      | Bought a scroll of random uselessness for 11 gold pieces
  7956 | D:8      | Bought a scroll of immolation for 38 gold pieces
  7978 | D:8      | You fall into a shaft and drop 2 floors!
  7978 | D:10     | Entered Level 10 of the Dungeon
  8050 | D:8      | Reached XP level 10. HP: 73/74 MP: 10/10
  8463 | D:8      | Found Tamiel's Book Boutique.
  8533 | D:8      | Reached skill level 10 in Axes
  8593 | D:8      | Reached *** piety under Okawaru
  8927 | D:8      | Found Kaw Kyer's Weapon Boutique.
  9107 | D:8      | Found an ornate altar of the Wu Jian Council.
  9110 | D:8      | Found a blossoming altar of Fedhas.
  9112 | D:8      | Found a shimmering altar of Xom.
  9112 | D:8      | Found a radiant altar of Vehumet.
  9112 | D:8      | Found a stormy altar of Qazlal.
  9112 | D:8      | Found an ancient bone altar of Kikubaaqudgha.
  9113 | D:8      | Found a basalt altar of Yredelemnul.
  9113 | D:8      | Found a burning altar of Makhleb.
  9114 | D:8      | Found a shimmering blue altar of Sif Muna.
  9115 | D:8      | Found a sparkling altar of Nemelex Xobeh.
  9116 | D:8      | Found a bloodstained altar of Trog.
  9117 | D:8      | Found a hide-covered altar of Uskayaw.
  9787 | D:9      | Reached skill level 1 in Invocations
 10100 | D:9      | Reached skill level 11 in Axes
 10689 | D:9      | Reached XP level 11. HP: 81/81 MP: 13/13
 10754 | D:9      | Reached **** piety under Okawaru
 10905 | D:10     | Received a gift from Okawaru
 10936 | D:10     | Noticed an unseen horror
 10961 | D:10     | Killed an unseen horror
 11797 | D:10     | Reached skill level 12 in Axes
 12339 | D:9      | Reached ***** piety under Okawaru
 12696 | D:10     | Found a staircase to the Lair.
 12911 | Lair:1   | Entered Level 1 of the Lair of Beasts
 13377 | Lair:1   | Reached skill level 5 in Invocations
 13698 | Lair:1   | Noticed a six-headed hydra
 13719 | Lair:1   | Killed a six-headed hydra
 14172 | Lair:2   | Found a hide-covered altar of Uskayaw.
 14172 | Lair:2   | Noticed an oklob plant
 14201 | Lair:2   | Killed an oklob plant
 14201 | Lair:2   | Reached XP level 12. HP: 75/89 MP: 14/16
 14381 | Lair:1   | Reached skill level 1 in Maces & Flails
 14629 | Lair:2   | Reached skill level 10 in Shields
 15099 | Lair:2   | Reached skill level 13 in Axes
 15371 | Lair:2   | Reached ****** piety under Okawaru
 15569 | Lair:2   | Identified a +0 pair of boots of running (You found it on
                  | level 2 of the Lair of Beasts)
 15656 | Lair:2   | Found a runed translucent door.
 15658 | Lair:2   | Noticed gosser's ghost (journeyman HuBe)
 16605 | Lair:3   | Received a gift from Okawaru
 17159 | Lair:3   | Found a staircase to the Snake Pit.
 17628 | Lair:3   | Received a gift from Okawaru
 17841 | Lair:4   | Identified a scroll of acquirement
 17844 | Lair:4   | Got a sparkling amber ring
 18015 | D:8      | Bought a scroll of identify for 22 gold pieces
 18015 | D:8      | Identified the ring of Sanasi {rPois rN++ rCorr Int+3
                  | Dex-3} (You acquired it on level 4 of the Lair of Beasts)
 18226 | Lair:4   | Reached XP level 13. HP: 89/96 MP: 18/18
 18468 | Lair:4   | Noticed a six-headed hydra
 18487 | Lair:4   | Killed a six-headed hydra
 18493 | Lair:4   | Reached skill level 14 in Axes
 18626 | Lair:4   | Found a staircase to the Swamp.
 19127 | Lair:4   | Noticed a six-headed hydra
 19128 | Lair:4   | Noticed Nergalle
 19190 | Lair:3   | Killed a six-headed hydra
 19214 | Lair:4   | Killed Nergalle
 19824 | Lair:4   | Got a vibrating emerald amulet
 19825 | Lair:4   | Identified the amulet of Psychosis {Reflect rF- rC+ Str+3
                  | Int+3 SH+5} (You acquired it on level 4 of the Lair of
                  | Beasts)
 20232 | Lair:5   | Received a gift from Okawaru
 20315 | Lair:5   | Found a runed translucent door.
 20317 | Lair:5   | Noticed Peloso's ghost (journeyman MiFi)
 20417 | Lair:5   | Received a gift from Okawaru
 21718 | Lair:6   | Entered Level 6 of the Lair of Beasts
 21718 | Lair:6   | Noticed an eight-headed hydra
 21733 | Lair:5   | Killed an eight-headed hydra
 21998 | Lair:6   | Reached skill level 5 in Throwing
 22188 | Lair:6   | Noticed a four-headed hydra
 22215 | Lair:5   | Killed a four-headed hydra
 22215 | Lair:5   | Reached XP level 14. HP: 68/105 MP: 20/20
 22437 | Lair:6   | Reached skill level 15 in Axes
 22530 | Lair:5   | Received a gift from Okawaru
 23490 | Lair:6   | Found a runed translucent door.
 23490 | Lair:6   | Found a viscous altar of Jiyva.
 23750 | Lair:6   | Found a staircase to the Slime Pits.
 23751 | Lair:6   | Noticed an acid blob
 23858 | Lair:6   | Received a gift from Okawaru
 24575 | Lair:6   | Received a gift from Okawaru
 25071 | Lair:6   | Found a large runed translucent door.
 25072 | Lair:6   | Found a large runed translucent door.
 25163 | Lair:6   | Reached skill level 10 in Invocations
 25165 | Lair:6   | Received a gift from Okawaru
 25624 | D:11     | Reached skill level 10 in Armour
 25789 | D:11     | Found a runed translucent door.
 25789 | D:11     | Noticed a tengu reaver
 25789 | D:11     | Noticed a war gargoyle
 25791 | D:11     | Noticed a sphinx
 26029 | D:11     | Found a staircase to the Orcish Mines.
 26293 | D:12     | Noticed Fannar
 26315 | D:11     | Killed Fannar
 26351 | D:12     | Reached XP level 15. HP: 69/113 MP: 22/22
 26561 | D:12     | Reached skill level 16 in Axes
 26577 | D:12     | Received a gift from Okawaru
 27568 | D:12     | Received a gift from Okawaru
 27576 | D:12     | Got a pair of pitted boots {god gift}
 27577 | D:12     | Identified the +1 pair of boots "Xaokhanid" {rElec rPois
                  | Int+7 Slay+3} (Okawaru gifted it to you on level 12 of the
                  | Dungeon)
 27759 | D:13     | Found a frozen archway.
 27780 | IceCv    | Entered an ice cave
 28291 | IceCv    | Got a smoking sapphire amulet
 28292 | IceCv    | Identified the amulet of Onlit {Reflect rF- MR+ SH+2
                  | Stlth+} (You found it in an ice cave)
 28829 | IceCv    | Noticed a frost giant
 28862 | IceCv    | Killed a frost giant
 29343 | D:13     | Found a sacrificial altar of Ru.
 29995 | D:13     | Reached skill level 10 in Fighting
 30087 | D:13     | Reached XP level 16. HP: 114/122 MP: 24/24
 30301 | D:14     | Reached skill level 17 in Axes
 30495 | D:14     | Received a gift from Okawaru
 30821 | D:14     | Found a runed translucent gate.
 30821 | D:14     | Found a runed translucent gate.
 30821 | D:14     | Found a runed translucent gate.
 30821 | D:14     | Noticed Freitmort's ghost (journeyman DECj)
 30821 | D:14     | Noticed Guedydo's ghost (journeyman DEFE)
 30821 | D:14     | Noticed Zianezev's ghost (journeyman FoFi)
 31034 | D:14     | Found a gate to the Vaults.
 31380 | D:15     | Entered Level 15 of the Dungeon
 31458 | D:15     | Found a gate leading to a gauntlet.
 31801 | D:15     | Noticed Kirke
 31807 | D:15     | Killed Kirke
 32053 | D:15     | Noticed a fire giant
 32087 | D:15     | Found a staircase to the Depths.
 32096 | D:15     | Killed a fire giant
 32457 | D:15     | Found an opulent altar of Gozag.
 32491 | D:15     | Found an ornate altar of the Wu Jian Council.
 32507 | D:15     | Found a glowing golden altar of the Shining One.
 32507 | D:15     | Found an ornate altar of the Wu Jian Council.
 32512 | D:15     | Found a shimmering blue altar of Sif Muna.
 32512 | D:15     | Found a shimmering altar of Xom.
 32512 | D:15     | Found a glowing silver altar of Zin.
 32989 | D:3      | Killed viiviliisa's ghost
 33104 | D:6      | Killed Doot's ghost
 33104 | D:6      | Reached skill level 15 in Shields
 33318 | Lair:3   | Got a creamy pearl robe
 33319 | Lair:3   | Identified the +1 robe of Jutoczuf {rN+ Str+5 Dex-3} (You
                  | found it on level 3 of the Lair of Beasts)
 33366 | Swamp:1  | Entered Level 1 of the Swamp
 33496 | Swamp:1  | Noticed a thorn hunter
 33507 | Swamp:1  | Killed a thorn hunter
 33515 | Swamp:1  | Noticed a tentacled monstrosity
 33528 | Swamp:1  | Killed a tentacled monstrosity
 33528 | Swamp:1  | Received a gift from Okawaru
 33529 | Swamp:1  | Got a bloodstained chain mail {god gift}
 33539 | Swamp:1  | Identified the +8 chain mail of the Spider Nest {rPois
                  | rF+++ rC+ Dex-2} (Okawaru gifted it to you on level 1 of
                  | the Swamp)
 33772 | Swamp:1  | Reached skill level 18 in Axes
 34267 | Swamp:1  | Reached XP level 17. HP: 104/130 MP: 22/25
 34681 | Swamp:2  | Noticed a thorn hunter
 34798 | Swamp:1  | Killed a thorn hunter
 36177 | Swamp:3  | Noticed a thorn hunter
 36351 | Swamp:2  | Received a gift from Okawaru
 36628 | Swamp:3  | Killed a thorn hunter
 37076 | Swamp:3  | Noticed a thorn hunter
 37094 | Swamp:3  | Killed a thorn hunter
 37385 | Swamp:3  | Noticed Mara
 37395 | Swamp:3  | Noticed CrazyMind's illusion
 37421 | Swamp:3  | Killed Mara
 37421 | Swamp:3  | Received a gift from Okawaru
 37421 | Swamp:3  | Reached skill level 19 in Axes
 37466 | Swamp:3  | Noticed a thorn hunter
 38363 | Swamp:3  | Killed a thorn hunter
 38640 | Swamp:4  | Entered Level 4 of the Swamp
 38926 | Swamp:4  | Received a gift from Okawaru
 38927 | Swamp:4  | Got an ichor-stained robe {god gift}
 38931 | Swamp:4  | Identified the +0 robe "Fivvei Icepu" {Stlth+} (Okawaru
                  | gifted it to you on level 4 of the Swamp)
 38975 | Swamp:4  | Reached XP level 18. HP: 133/138 MP: 26/26
 39316 | Swamp:4  | Reached skill level 1 in Slings
 40181 | Swamp:4  | Got a decaying rune of Zot
 40339 | Snake:1  | Entered Level 1 of the Snake Pit
 40369 | Snake:1  | Noticed Aizul
 40387 | Snake:1  | Killed Aizul
 41117 | Snake:1  | Received a gift from Okawaru
 41682 | Snake:2  | Noticed Agnes
 41829 | Snake:1  | Killed Agnes
 41862 | Snake:2  | Found Ruumm's Weapon Boutique.
 42041 | Snake:1  | Received a gift from Okawaru
 42518 | Snake:2  | Reached skill level 20 in Axes
 42549 | Snake:2  | Noticed Jorgrun
 42578 | Snake:2  | Killed Jorgrun
 42578 | Snake:2  | Received a gift from Okawaru
 43683 | Snake:3  | Noticed Donald
 43697 | Snake:3  | Killed Donald
 43870 | Snake:3  | Received a gift from Okawaru
 44435 | Snake:3  | Reached XP level 19. HP: 140/147 MP: 27/27
 44709 | Snake:4  | Entered Level 4 of the Snake Pit
 47361 | Snake:4  | Noticed Vashnia
 47373 | Snake:4  | Reached skill level 5 in Slings
 48180 | Snake:4  | Received a gift from Okawaru
 48211 | Snake:4  | Killed Vashnia
 48701 | Snake:4  | Noticed Bai Suzhen
 48724 | Snake:4  | Killed Bai Suzhen
 48860 | Snake:4  | Reached XP level 20. HP: 64/156 MP: 28/28
 48969 | Snake:4  | Received a gift from Okawaru
 48980 | Snake:4  | Got a sheer robe {god gift}
 49367 | Snake:4  | Identified the +1 robe of Divine Intervention {Int+4
                  | Stlth+} (Okawaru gifted it to you on level 4 of the Snake
                  | Pit)
 49494 | Snake:4  | Got a serpentine rune of Zot
 49793 | Orc:1    | Entered Level 1 of the Orcish Mines
 50071 | Orc:1    | Found a runed translucent gate.
 50072 | Orc:1    | Found a runed translucent gate.
 50072 | Orc:1    | Found an opulent altar of Gozag.
 50073 | Orc:1    | Found a runed translucent gate.
 50080 | Orc:1    | Noticed Amplified's ghost (novice MiAE)
 50082 | Orc:1    | Found Ythohuim's Assorted Antiques.
 50690 | Orc:1    | Upgraded the game from 0.24.1 to 0.24.1-4-ge52af88ad5
 50703 | Orc:2    | Entered Level 2 of the Orcish Mines
 50705 | Orc:2    | Noticed Azrael
 51228 | Orc:2    | Found a staircase to the Elven Halls.
 51516 | Orc:2    | Killed Azrael
 51575 | Orc:2    | Found Foasuvei's Distillery.
 51910 | Orc:2    | Found a radiant altar of Vehumet.
 51911 | Orc:2    | Noticed Erolcha
 51927 | Orc:2    | Killed Erolcha
 51930 | Orc:2    | Found Vugoogus's Antique Armour Shoppe.
 51963 | Orc:2    | Found an ancient bone altar of Kikubaaqudgha.
 52030 | Orc:2    | Found Toduhu's Book Emporium.
 52071 | Orc:2    | Found a roughly hewn altar of Beogh.
 52117 | Orc:2    | Found Koarr's Gadget Emporium.
 52136 | Orc:2    | Bought a phantom mirror for 330 gold pieces
 52352 | D:7      | Bought a book of Air for 350 gold pieces
 52352 | D:7      | Bought a book of Clouds for 450 gold pieces
 52356 | D:7      | Bought a book of Geomancy for 350 gold pieces
 52359 | D:7      | Learned a level 2 spell: Passwall
 52362 | D:7      | Learned a level 2 spell: Swiftness
 52534 | Vaults:1 | Entered Level 1 of the Vaults
 52610 | Vaults:1 | Reached skill level 1 in Earth Magic
 52674 | Vaults:1 | Reached skill level 21 in Axes
 54437 | Vaults:1 | Received a gift from Okawaru
 54874 | Vaults:2 | Noticed Asterion
 54889 | Vaults:2 | Killed Asterion
 55068 | Vaults:2 | Received a gift from Okawaru
 55075 | Vaults:2 | Reached XP level 21. HP: 153/164 MP: 29/29
 55088 | Vaults:2 | Received a gift from Okawaru
 55201 | Vaults:2 | Received a gift from Okawaru
 55201 | Vaults:2 | Reached skill level 5 in Earth Magic
 56231 | Vaults:2 | Noticed Nikola
 56386 | Vaults:1 | Killed Nikola
 56811 | Vaults:2 | Received a gift from Okawaru
 56974 | Vaults:2 | Found a staircase to the Crypt.
 57766 | Vaults:2 | Reached skill level 1 in Transmutations
 58087 | Vaults:2 | Received a gift from Okawaru
 58284 | Vaults:2 | Received a gift from Okawaru
 58287 | Vaults:2 | Identified the +5 dagger "Voczuymm" {flame, rElec rC+ Dex+3
                  | Stlth+}
 58768 | Vaults:3 | Reached XP level 22. HP: 173/173 MP: 30/30
 59047 | Vaults:3 | Received a gift from Okawaru
 59504 | Orc:2    | Bought a potion of cancellation for 128 gold pieces
 60092 | Vaults:3 | Reached skill level 22 in Axes
 60416 | Vaults:3 | Slain by a deep troll

Levels and vault maps discovered:
D:1:      dpeg_arrival_tiny_f, layout_loops_ring, nrook_loot_triangle,
          hex_large, minmay_misc_feat_five
D:2:      layout_basic, zin_scriptorium, minmay_misc_feat_four_crosses,
          kennysheep_crisscross
D:3:      layout_basic, hellmonk_ghost_happy_afterlife, minmay_close_crescents,
          uniq_grinder
D:4:      layout_gridville, kennysheep_little_box, temple_green, first_ration,
          minmay_misc_feat_square, nicolae_ru_great_annihilating_truth
D:5:      layout_basic, nicolae_qazlal_style_of_elements
D:6:      minmay_spotlight, layout_basic, gammafunk_ghost_grave, uniq_eustachio
D:7:      kennysheep_kobold_camp, layout_basic, elyvilon_altar_3, serial_shops,
          kennysheep_mini, shop, nicolae_shop_waterfront,
          hangedman_decor_diamond_cutter
D:8:      minmay_angry_zag, layout_loops_corners, minitemple, serial_shops,
          shop, nicolae_shop_behind_doors, shop, hangedman_pestilent_swarm
D:9:      layout_loops_corners
D:10:     minmay_imperfect_grid, layout_irregular_city
D:11:     minmay_gate_of_8, layout_loops_ring
D:12:     layout_rooms, minmay_misc_feat_diagonals, uniq_fannar
D:13:     layout_basic, basic_altar, serial_ice, serial_ice_e, serial_ice_k,
          serial_ice_g, serial_ice_m, serial_ice_f, serial_ice_a,
          portal_ice_cave_entry_imps, minivault_28
D:14:     layout_basic, skrybe_vaults_entry_preservation, roderic_malta_cross,
          gammafunk_ghost_cemetery, lightli_fourway_metalbox
D:15:     grunt_enter_depths_giant_problem, layout_rooms,
          gauntlet_entry_generic, lemuel_doored_altar, doesnt_xom_only_xom,
          uniq_kirke
Temple:   corrupted_temple
Lair:1:   layout_long_grid
Lair:2:   layout_cave_pods, ebering_ghost_reflecting_pool, lemuel_oklob_altar
Lair:3:   layout_regular_city, guppyfry_snake_entry_island, serial_rivers,
          chequers_serial_rivers_room_b, chequers_serial_rivers_large_a,
          chequers_serial_rivers_large_b, chequers_serial_rivers_marsh,
          chequers_serial_rivers_micro_a, grunt_forest_large_clearing_hut
Lair:4:   layout_roguey, minmay_swamp_entry_swarm, minivault_25,
          infiniplex_staircase_pool, uniq_nergalle
Lair:5:   layout_small_grid, ebering_ghost_inner_flame, grunt_megastairs_4
Lair:6:   cheibrodos_lair_end_hotspot, layout_misc_corridors, slime_altar_2,
          eino_house_with_fridge
Swamp:1:  layout_basic_swamp, nicolae_swamp_triple_paths
Swamp:2:  layout_falls_marsh, evilmike_swamp_ruin_house_4
Swamp:3:  layout_basic_swamp, evilmike_swamp_ruin_house_5, uniq_mara
Swamp:4:  swamp, layout_basic_swamp
Snake:1:  layout_grid_shapes, grunt_ministairs_15, st_stairs_13, uniq_aizul
Snake:2:  layout_rooms, serial_shops, nicolae_shop_stone, drop_trap,
          uniq_jorgrun, uniq_agnes
Snake:3:  layout_chambers, special_room, uniq_donald
Snake:4:  snake_pit_salamanders_mu, layout_rooms, uniq_vashnia, uniq_bai_suzhen
Orc:1:    layout_caves, ebering_ghost_gozag, guppyfry_library_mini
Orc:2:    kennysheep_orc_mage_school, layout_caves, nicolae_orc_rockfall,
          uniq_azrael
Vaults:1: nicolae_vaults_network_quincunx
          [nicolae_vaults_network_quincunx_subvault,
          nicolae_vaults_network_quincunx_subvault,
          nicolae_vaults_network_quincunx_subvault,
          nicolae_vaults_network_quincunx_subvault,
          nicolae_vaults_network_quincunx_subvault],
          nicolae_vaults_network_square, v_rooms_4, ontoclasm_vaults_misaligned,
          v_misc_24, vaults_mumra_chevron, vaults_room_pool,
          vaults_room_corners, ontoclasm_vaults_ligature, layout_vaults_big_room
Vaults:2: ontoclasm_vaults_gateway, v_pattern_1, st_greater_box_1,
          vaults_room_door_ring, v_misc_10, minmay_crypt_entry_skeletal_spiral,
          vaults_mumra_hex, v_alt_pattern_2, vaults_room_fours, v_misc_27,
          hangedman_vaults_stretched_pinwheel, vaults_dpeg_diagonal,
          layout_vaults_omnicross, mu_enter_wizlab_4, uniq_nikola, uniq_asterion
Vaults:3: vaults_room_boxed, v_misc_23, vaults_mumra_lcd, v_misc_33,
          v_alt_pattern_2, vaults_room_glass_cross, grunt_vaults_bifocal,
          hangedman_vaults_restitches, nicolae_vaults_circle_grid_a,
          hangedman_vaults_stitches, v_misc_10, nicolae_vaults_asterisk,
          ontoclasm_vaults_ring_small, hangedman_vaults_corner_blocks,
          grunt_vaults_hallway_long, layout_vaults_maze,
          nicolae_trove_entry_crystal, uniq_margery

Skill      XL: |  1  2  3  4  5  6  7  8  9 10 11 12 13 14 15 16 17 18 19 20 21 22 |
---------------+-------------------------------------------------------------------+-----
Shields        | 4 5 6 7 8 9 10 11 13 14 15 16 17 18 19 | 19.7
Axes           | 3 4 5 6 7 9 11 12 13 14 15 16 18 19 20 21 22 | 22.0
Fighting       | 4 5 6 7 8 9 10 11 12 13 14 | 14.8
Dodging        | 1 2 3 4 |  4.9
Throwing       | 1 2 3 4 5 6 7 |  7.2
Armour         | 4 5 6 7 9 10 11 12 13 | 13.1
Invocations    | 2 5 7 8 10 11 | 11.6
Maces & Flails | 1 |  1.2
Slings         | 3 7 |  7.4
Earth Magic    | 4 7 |  7.0
Transmutations | 2 3 |  3.9
Evocations     | |  0.7

Action                   |  1- 3 |  4- 6 |  7- 9 | 10-12 | 13-15 | 16-18 | 19-21 | 22-24 || total
-------------------------+-------+-------+-------+-------+-------+-------+-------+-------++-------
Melee: War axe           |    94 |    72 |   447 |  1010 |  1389 |   165 |       |       ||  3177
       Whip              |       |       |       |    13 |    57 |       |       |       ||    70
       Battleaxe         |       |       |       |       |    65 |  1214 |  1667 |   147 ||  3093
 Fire: Hunting sling     |       |       |       |       |       |    73 |   266 |       ||   339
Throw: Stone             |     1 |       |   136 |    40 |       |       |       |       ||   177
       Dart              |       |       |    26 |    37 |     5 |    15 |    12 |       ||    95
       Javelin           |       |       |     2 |    16 |    13 |    18 |    31 |     6 ||    86
       Boomerang         |       |       |       |    71 |    31 |    41 |    27 |     5 ||   175
Invok: Recite            |       |     2 |       |       |       |       |       |       ||     2
       Vitalisation      |       |     1 |       |       |       |       |       |       ||     1
       Heroism           |       |       |     5 |     9 |    14 |    19 |    17 |     1 ||    65
       Finesse           |       |       |       |     1 |     2 |     6 |     7 |       ||    16
 Abil: Dig               |     1 |       |     1 |     1 |     4 |       |       |       ||     7
Evoke: Wand              |       |       |       |     1 |    10 |     1 |     1 |       ||    13
  Use: Potion            |     1 |       |     4 |       |     2 |     6 |    12 |     1 ||    26
       Scroll            |       |       |     8 |    15 |    16 |     7 |     3 |       ||    49
 Stab: Invisible         |       |       |       |     1 |       |       |       |       ||     1
  Eat: Chunk             |     2 |     3 |    19 |    32 |    35 |    28 |    38 |     5 ||   162
       Ration            |       |       |       |     4 |     1 |     5 |     2 |       ||    12
Armor: Scale mail        |    44 |    30 |   123 |    41 |       |       |       |       ||   238
       Plate armour      |       |       |       |   348 |   541 |    33 |       |       ||   922
       Chain mail        |       |       |       |     6 |       |   367 |   275 |    37 ||   685
       Acid dragon scale |       |       |       |     1 |       |       |       |       ||     1
       Crystal plate arm |       |       |       |       |       |   109 |       |       ||   109
Dodge: Dodged            |    32 |    18 |   130 |   245 |   273 |   261 |   183 |    27 ||  1169
       Deflected         |       |       |       |       |       |     2 |    45 |     1 ||    48
Block: Shield            |    58 |    51 |   208 |   494 |  1035 |  1184 |   199 |       ||  3229
       Buckler           |       |       |    17 |       |       |       |       |       ||    17
       Reflection        |       |       |       |       |    11 |    36 |   218 |     4 ||   269
       Large shield      |       |       |       |       |       |       |  1252 |   151 ||  1403
